Cogmind - Beta 12 @@@ ROGUE MODE // 2023.04.09 @ 00:18:19 Player: ArabianSandBoa Result: Destroyed by C-57 Dissector with Dual-blade Saw Performance ------------- Evolutions (9) 4500 Regions Visited (25) 5000 Robots Destroyed (289) 1445 Value Destroyed (17898) 17898 Prototype IDs (42) 840 Alien Tech Used (0) 0 Bonus (12570) 12570 TOTAL SCORE: 42253 Bonus ------- High Alert Combat Kills 6795 Follower Combat Kills 2578 Entered Garrisons 1400 Used RIF Installer 3000 Entered DSFs 500 Aligned with FarCom 300 Friendly Fire -2003 Cogmind --------- Core Integrity 0/1600 Matter 269/300 Energy 99/100 System Corruption 0% Temperature Cool (0) Movement Core (50) Location -1/Garrison Parts ------- > --- POWER (1) -------- (None) > --- PROPULSION (2) --- (None) > --- UTILITY (20) ----- Advanced Targeting Computer Relay Coupler [NC] (34) Relay Coupler [Grunt] (1) > --- WEAPON (2) ------- (None) > --- INVENTORY (5) ---- Compact Wheel Medium Storage Unit Compact Linear Accelerator Enhanced Force Lance Peak State ------------ > --- POWER ------------ Light Quantum Reactor > --- PROPULSION ------- Armored Heavy Treads > --- UTILITY ---------- Advanced Power Amplifier Advanced Power Amplifier Advanced Power Amplifier Improved Cooling System Improved Cooling System Advanced Cooling System Cargo Storage Unit Machine Analyzer Advanced Targeting Computer Advanced Target Analyzer Armor Integrity Analyzer Improved Particle Charger Quantum Capacitor Advanced Phase Shifter Advanced Powered Armor Advanced Powered Armor > --- WEAPON ----------- Enhanced Nova Cannon Enhanced Force Lance > --- INVENTORY -------- Particle Reactor Quantum Reactor Light Quantum Reactor Biometal Heavy Treads Armored Wheel High-density Centrium Wheel Improved Trap Scanner Improved Weapon Shielding Heavy Armor Plating Advanced Focal Shield Advanced Force Field Relay Coupler [NC] Relay Coupler [Swarmer] Relay Coupler [Duelist] Relay Coupler [Specialist] Relay Coupler [Hunter] Relay Coupler [Heavy] Sensor Drone Bay Variable Charge Gun Enhanced Quantum Rifle Enhanced Quantum Rifle Compact HERF Cannon Long-range Phase Cannon Enhanced Nova Cannon Enhanced Nova Cannon Advanced Datajack [Rating: 158] Favorites ----------- Power Light Quantum Reactor Engine Improved Ion Engine Power Core Neutrino Core Reactor Light Quantum Reactor Propulsion Wheel Treads Advanced Heavy Treads Leg Aluminum Leg Wheel Wheel Flight Unit Advanced Surge Thruster Utility Cargo Storage Unit Device Improved Cooling System Storage Cargo Storage Unit Processor Advanced Targeting Computer Hackware Relay Coupler [Sentry] Protection Layered Medium Armor Plating Weapon Advanced Plasma Cannon Energy Gun Dispersion Rifle Energy Cannon Advanced Plasma Cannon Ballistic Gun Gauss Rifle Ballistic Cannon Hypervelocity Mass Driver Launcher Proton Missile Launcher Special Weapon Remote Datajack Slashing Weapon Dual-blade Saw Piercing Weapon Enhanced Force Lance Special Melee Weapon Advanced Datajack Build | -11 -10 -10 -9 -9 -9 -8 -8 -8 -7 -7 -6 -6 -5 -4 -4 -4 -4 -3 -3 -2 -2 -2 -2 -1 -1 ------- Run | Jun Mat Min Mat Min Exi Min Mat Gar Fac Gar Fac Gar Fac Fac Was Fac Gar Res DSF Res Gar Res Gar Acc Gar Slots Evolved 18 | . . . 2 . . . 2 . 2 . 2 . 2 2 . . . 2 . 2 . . . 2 . Power . | . . . . . . . . . . . . . . . . . . . . . . . . . . Propulsion . | . . . . . . . . . . . . . . . . . . . . . . . . . . Utility 18 | . . . 2 . . . 2 . 2 . 2 . 2 2 . . . 2 . 2 . . . 2 . Weapon . | . . . . . . . . . . . . . . . . . . . . . . . . . . Parts Attached 508 | . 9 5 9 2 . 4 24 13 11 49 10 49 24 14 11 5 43 5 14 7 72 3 94 14 17 Power 41 | . 1 2 . . . 1 4 1 . 2 1 7 . . 2 . 3 1 . 1 4 1 9 1 . Engine 13 | . 1 1 . . . 1 4 . . . 1 2 . . . . . . . . . . 2 1 . Core 8 | . . 1 . . . . . 1 . 1 . . . . . . 2 . . . . . 3 . . Reactor 20 | . . . . . . . . . . 1 . 5 . . 2 . 1 1 . 1 4 1 4 . . Propulsion 126 | . 4 2 3 . . . 4 1 2 14 2 14 9 8 1 1 7 . 6 2 13 . 22 4 7 Treads 23 | . 4 . . . . . . . . 2 . 1 3 1 1 . 2 . 3 . 5 . 1 . . Leg . | . . . . . . . . . . . . . . . . . . . . . . . . . . Wheel 72 | . . 2 2 . . . 3 1 2 11 2 13 6 7 . 1 5 . 3 2 8 . 2 . 2 Hover . | . . . . . . . . . . . . . . . . . . . . . . . . . . Flight 31 | . . . 1 . . . 1 . . 1 . . . . . . . . . . . . 19 4 5 Utility 206 | . 2 1 4 2 . 1 9 3 5 12 5 17 7 4 4 3 25 4 6 3 43 2 39 5 . Device 109 | . . . 1 1 . 1 4 2 1 5 4 10 4 4 1 2 17 2 4 3 21 . 19 3 . Storage 3 | . . 1 1 . . . . . 1 . . . . . . . . . . . . . . . . Processor 12 | . 1 . . . . . 2 . . . 1 3 . . . . 1 1 . . 1 . 2 . . Hackware 47 | . . . . . . . 1 1 1 2 . 2 3 . . 1 4 . . . 12 2 16 2 . Protection 35 | . 1 . 2 1 . . 2 . 2 5 . 2 . . 3 . 3 1 2 . 9 . 2 . . Artifact . | . . . . . . . . . . . . . . . . . . . . . . . . . . Weapon 135 | . 2 . 2 . . 2 7 8 4 21 2 11 8 2 4 1 8 . 2 1 12 . 24 4 10 Energy Gun 31 | . 2 . . . . . 1 . . 9 . 2 3 2 3 . 4 . 1 . 1 . 3 . . Energy Cannon 37 | . . . 2 . . 1 4 6 2 5 1 6 1 . . . 1 . 1 1 4 . 2 . . Ballistic Gun 3 | . . . . . . . 1 . . . . . 2 . . . . . . . . . . . . Ballistic Cannon 9 | . . . . . . . . . . . . 1 . . . . 2 . . . 1 . 5 . . Launcher 12 | . . . . . . 1 1 2 1 5 . . . . . . . . . . . . 2 . . Special Weapon 6 | . . . . . . . . . . . . . 2 . . 1 . . . . 3 . . . . Impact Weapon . | . . . . . . . . . . . . . . . . . . . . . . . . . . Slashing Weapon 7 | . . . . . . . . . . . . . . . . . . . . . . . 6 . 1 Piercing Weapon 14 | . . . . . . . . . . 1 . . . . 1 . 1 . . . 1 . . 2 8 Special Melee Weapon 16 | . . . . . . . . . 1 1 1 2 . . . . . . . . 2 . 6 2 1 Unidentified Prototypes 16 | . . . 2 . . . 3 . . 1 . . 4 2 . . . 1 . 1 2 . . . . Corrupted Parts 3 | . . . . . . . . . . . . . . . . . 1 . . . 2 . . . . System Corruption 13 | . . . . . . . . . . . . . . . . . 4 . . . 9 . . . . Parts Lost 123 | . . . . . . 1 4 1 . 11 3 7 2 2 . 1 10 . 1 . 15 . 41 5 19 Power 14 | . . . . . . 1 1 . . 2 1 2 . . . . 2 . . . 1 . 3 1 . Propulsion 26 | . . . . . . . 2 1 . 4 1 1 . . . . 1 . . . 1 . 6 4 5 Utility 69 | . . . . . . . 1 . . 3 1 4 2 1 . . 5 . 1 . 13 . 27 . 11 Weapon 14 | . . . . . . . . . . 2 . . . 1 . 1 2 . . . . . 5 . 3 Highest Loss Streak 19 | . . . . . . 1 2 1 . 3 2 2 1 1 . 1 7 . 1 . 3 . 17 3 19 To Critical Strikes . | . . . . . . . . . . . . . . . . . . . . . . . . . . Average Slot Usage (%) 84 | . 94 100 89 92 100 97 99 100 94 84 88 86 88 86 64 67 69 67 76 83 82 91 81 66 63 Engine 1 | . 14 9 . . . 8 9 4 . . . . . . . . . . . . . . 1 2 . Core 2 | . . 4 11 11 11 . . 4 7 5 . . . . . . 2 . . . . . . . . Reactor 2 | . . . . . . . . . . 1 5 5 5 5 4 5 2 3 4 4 4 4 1 . . Treads 1 | . 19 14 . . . . . . . 2 . 3 1 . 4 . . . . . . . . . . Wheel 7 | . . 13 21 22 22 22 17 18 14 5 11 4 6 8 . 4 5 4 3 5 4 8 1 . 2 Device 13 | . . . 6 11 11 11 8 9 6 6 11 19 13 22 16 19 16 17 24 34 25 20 7 6 5 Storage 5 | . 14 14 11 11 11 11 9 9 7 7 6 6 5 5 5 5 5 4 4 4 4 4 . . . Processor 16 | . . 14 11 11 11 11 17 18 15 15 17 22 23 21 15 15 15 17 19 17 17 17 15 8 7 Hackware 12 | . . . . . . . 8 13 19 14 13 6 12 12 . . 6 . . . 7 27 38 36 39 Protection 4 | . 9 . 5 3 11 11 8 4 6 7 6 1 3 . 4 5 3 14 9 8 7 . . . . Energy Gun 3 | . 23 28 4 . . . . . . 8 . 2 5 4 4 4 3 . . . . . . . . Energy Cannon 5 | . . . 17 22 22 22 13 17 12 4 12 4 . . . . . . 3 4 3 4 . . . Naked Turns . | . . . . . . . . . . . . . . . . . . . . . . . . . . Heaviest Build 256 | 11 13 89 101 61 61 59 69 82 214 184 186 196 196 188 224 223 224 215 218 216 256 193 193 12 14 Greatest Support 70 | 20 40 40 26 32 32 32 32 20 26 40 28 70 70 32 70 70 70 28 28 32 60 32 32 12 32 Greatest Overweight (x) 58 | . . 3 9 3 1 1 6 4 13 58 15 15 18 17 6 7 7 7 18 7 16 6 13 1 2 Average Overweight (x) 4 | . . 1 3 1 1 1 2 3 5 12 8 4 6 9 3 6 6 7 7 6 6 5 . . . Largest Inventory Capacity 30 | . 8 25 25 20 20 20 20 20 30 30 30 30 30 30 30 30 30 30 30 30 30 30 30 5 5 Average Capacity 25 | . 8 15 22 20 20 20 20 20 26 30 30 30 30 30 30 30 30 30 30 30 30 30 10 5 5 Most Carried 30 | . 8 15 24 20 20 20 20 20 28 30 30 30 30 30 30 30 30 30 30 30 30 30 30 5 5 Average Carried 23 | . 7 10 19 19 19 19 19 19 22 28 28 28 28 28 28 29 27 29 29 28 28 29 10 4 4 Final Capacity 30 | 8 8 25 20 20 20 20 20 20 30 30 30 30 30 30 30 30 30 30 30 30 30 30 5 5 5 Final Carried 30 | 6 7 15 19 19 20 20 20 20 28 29 29 30 27 30 29 30 29 29 30 29 30 30 5 3 4 Class Distribution -------------------- 48% | Bothacker-Mutant 9% | Mutant 8% | Botlord-Mutant 6% | Hauler-Mutant 4% | Bothacker-Skirmisher 4% | Trapper-Mutant 3% | Bothacker-Assassin 3% | Scavenger-Mutant Dominant Class ---------------- Mutant | -10/Materials Mutant | -10/Mines Mutant | -9/Materials Mutant | -9/Mines Trapper-Mutant | -9/Exiles Trapper-Mutant | -8/Mines Trapper-Mutant | -8/Materials Mutant | -8/Garrison Bothacker-Mutant | -7/Factory Bothacker-Mutant | -7/Garrison Bothacker-Mutant | -6/Factory Bothacker-Mutant | -6/Garrison Bothacker-Mutant | -5/Factory Bothacker-Mutant | -4/Factory Bothacker-Mutant | -4/Waste Bothacker-Mutant | -4/Factory Hauler-Mutant | -4/Garrison Hauler-Assassin | -3/Research Hauler-Mutant | -3/DSF Scavenger-Assassin | -2/Research Bothacker-Mutant | -2/Garrison Botlord-Mutant | -2/Research Botlord-Mutant | -2/Garrison Botlord-Mutant | -1/Access Botlord-Mutant | -1/Garrison Resources | -11 -10 -10 -9 -9 -9 -8 -8 -8 -7 -7 -6 -6 -5 -4 -4 -4 -4 -3 -3 -2 -2 -2 -2 -1 -1 ----------- Run | Jun Mat Min Mat Min Exi Min Mat Gar Fac Gar Fac Gar Fac Fac Was Fac Gar Res DSF Res Gar Res Gar Acc Gar Matter Collected 7513 | 200 . 156 90 10 . 56 354 257 80 705 95 1066 165 158 299 . 619 . 284 . 1131 . 1587 . 201 Remotely . | . . . . . . . . . . . . . . . . . . . . . . . . . . Salvage Created 16787 | . 122 80 328 84 . 144 1404 358 440 1982 308 1886 640 215 1676 . 1220 . 732 . 3429 . 1501 . 238 Parts 687 | . 8 5 17 4 . 14 73 16 16 98 14 79 26 12 21 . 49 . 27 . 118 . 75 . 15 Haulers Intercepted 5 | . . . 2 . . . 2 . . . . . 1 . . . . . . . . . . . . Recyclers Shooed 2 | . . . . . . . . . 2 . . . . . . . . . . . . . . . . Parts Field Recycled . | . . . . . . . . . . . . . . . . . . . . . . . . . . Retrieved Matter . | . . . . . . . . . . . . . . . . . . . . . . . . . . Parts Self-Destructed . | . . . . . . . . . . . . . . . . . . . . . . . . . . Prevented . | . . . . . . . . . . . . . . . . . . . . . . . . . . Kills | -11 -10 -10 -9 -9 -9 -8 -8 -8 -7 -7 -6 -6 -5 -4 -4 -4 -4 -3 -3 -2 -2 -2 -2 -1 -1 ------- Run | Jun Mat Min Mat Min Exi Min Mat Gar Fac Gar Fac Gar Fac Fac Was Fac Gar Res DSF Res Gar Res Gar Acc Gar Combat Hostiles Destroyed 243 | . 3 5 2 2 . 5 22 12 5 35 5 35 10 1 6 . 21 . 8 . 44 . 19 . 3 Melee 9 | . . . . . . . . . . . . . . . 1 . . . . . . . 5 . 3 Guns 65 | . 2 5 1 . . . 2 . . 12 . 6 9 1 5 . 16 . . . 1 . 5 . . Cannons 120 | . . . 1 2 . 1 14 5 2 6 5 27 1 . . . 2 . 8 . 37 . 9 . . AOE 35 | . 1 . . . . 3 5 7 3 15 . 1 . . . . . . . . . . . . . Classes Destroyed 21 | . 4 2 1 . . 3 2 1 1 3 . 1 1 . 1 . . . . . 1 . . . . Worker 6 | . . . . . . 1 3 . 2 . . . . . . . . . . . . . . . . Builder 8 | . 1 . . . . . 4 . 2 . . . . 1 . . . . . . . . . . . Tunneler 2 | . . . . . . 2 . . . . . . . . . . . . . . . . . . . Hauler 5 | . . . 2 . . . 2 . . . . . 1 . . . . . . . . . . . . Recycler 8 | . 1 . 1 . . . 2 . 3 . . . . 1 . . . . . . . . . . . Mechanic 1 | . . . . . . . . . 1 . . . . . . . . . . . . . . . . Watcher 7 | . 1 . 3 . . . 1 . 1 . . . . . . . . . . . 1 . . . . Swarmer 80 | . 3 2 . . . 4 5 4 . 8 3 7 3 . . . 12 . . . 19 . 8 . 2 Cutter 9 | . . . . . . . . . . 4 . 1 . . . . . . . . . . 4 . . Saboteur 2 | . . . . . . . . . . . . . 1 . . . . . . . 1 . . . . Grunt 66 | . . 1 2 2 . . 10 3 5 2 2 16 5 . . . 1 . 5 . 5 . 7 . . Brawler 9 | . . . . . . . . 2 . 1 . 3 2 . . . . . . . 1 . . . . Duelist 2 | . . . . . . . . . . 1 . . . . . . . . . . . . . . 1 Sentry 35 | . . . . . . . 4 2 . 13 2 3 . 1 . . 3 . . . 7 . . . . Demolisher 2 | . . 2 . . . . . . . . . . . . . . . . . . . . . . . Specialist 7 | . . . . . . . 2 . . . . 1 . . . . . . 1 . 2 . 1 . . Hunter 18 | . . . . . . 1 1 1 . 5 . 1 . . . . 1 . 2 . 6 . . . . Programmer 12 | . . . . . . . . . . 2 . 2 . . . . 3 . . . 3 . 2 . . Behemoth 3 | . . . . . . . . . . . . 1 . . . . 1 . . . 1 . . . . Compactor 6 | . . . . . . . . . . . . . . . 6 . . . . . . . . . . Striker 1 | . . . . . . . . . . . . . . . . . . . . . 1 . . . . Best Kill Streak 10 | . 6 2 2 2 . 3 10 4 6 6 3 4 3 1 2 . 8 . 7 . 7 . 4 . 2 Combat Bots Only 8 | . 3 2 1 2 . 3 6 4 4 6 3 4 3 1 2 . 8 . 7 . 7 . 4 . 2 Max Kills in Single Turn 4 | . 4 1 1 1 . 3 2 2 2 4 2 2 1 1 1 . 1 . 1 . 1 . 1 . 1 Gunslinging 1 | . . . . . . . . . . 1 . . . . . . . . . . . . . . . Exploded 4 | . 1 . . . . 3 2 2 1 4 . 1 . . . . . . . . . . . . . Melee 1 | . . . . . . . . . . . . . . . 1 . . . . . . . 1 . 1 Uniques/NPCs Destroyed . | . . . . . . . . . . . . . . . . . . . . . . . . . . Combat | -11 -10 -10 -9 -9 -9 -8 -8 -8 -7 -7 -6 -6 -5 -4 -4 -4 -4 -3 -3 -2 -2 -2 -2 -1 -1 -------- Run | Jun Mat Min Mat Min Exi Min Mat Gar Fac Gar Fac Gar Fac Fac Was Fac Gar Res DSF Res Gar Res Gar Acc Gar Damage Taken 22886 | . 59 123 70 39 . 65 729 250 130 2493 431 1617 585 38 981 236 2511 . 1172 . 4515 20 4461 292 2069 Core 4072 | . 12 25 15 . . 14 117 35 14 470 49 214 46 . . . 235 . 23 . 384 20 793 165 1441 Absorbed by Shields 505 | . . . . . . . . . . . . 319 104 11 . . . . . . . . 71 . . Reduced by Siege Mode 497 | . . . . . . . . . . . . 86 18 . 14 . 137 . 96 . 146 . . . . Redirected to Shielding 79 | . 2 . . . . . . . . . . . . . . . . . 15 . 62 . . . . Regen/Repaired (Parts) 451 | . . . . . . . 16 . . . . . 435 . . . . . . . . . . . . Core Remaining (%) 73 | 100 . 85 . . . 92 . 72 . 30 . 69 95 . . . 79 . 98 . . . 17 . . Volleys Fired 1133 | . 6 9 19 4 . 11 61 48 17 127 13 109 34 28 64 14 103 . 42 4 309 6 102 3 . Largest 2 | . 2 2 2 2 . 2 2 2 2 2 2 2 2 1 1 1 2 . 1 1 1 1 2 1 . Hottest 196 | . 90 90 136 136 . 136 138 196 196 196 196 196 168 88 88 88 145 . 105 120 120 10 130 70 . Shots Fired 1460 | . 12 18 38 8 . 21 120 80 27 185 24 180 41 28 64 14 118 . 43 4 309 6 117 3 . Gun 464 | . 12 18 21 . . . 32 . . 87 . 37 27 28 64 12 90 . . . 3 . 33 . . Cannon 885 | . . . 17 8 . 20 86 68 20 74 24 143 6 . . . 21 . 43 4 279 . 69 3 . Launcher 47 | . . . . . . 1 2 12 7 24 . . . . . . . . . . . . 1 . . Special 64 | . . . . . . . . . . . . . 8 . . 2 7 . . . 27 6 14 . . Kinetic 144 | . . . . . . . 23 . . . . 76 1 . . . 17 . . . 1 . 23 3 . Thermal 1116 | . 6 9 27 8 . 20 65 66 17 154 24 88 27 28 64 12 94 . 43 4 281 . 79 . . Explosive 23 | . . . . . . 1 2 12 7 . . . . . . . . . . . . . 1 . . Electromagnetic 113 | . 6 9 11 . . . 30 2 3 31 . 16 5 . . . . . . . . . . . . Robot Hit Streak 33 | . 1 4 6 6 . 7 18 6 14 33 16 21 21 7 29 23 25 . 18 . 32 6 33 . . Robot Miss Streak 9 | . 4 2 3 1 . 2 3 4 2 9 2 4 1 3 1 . 2 . 1 . 3 1 2 . . Penetration Max 1 | . . . . . . . . . . . . 1 . . . . . . . . . . . . . Secondary Targets 5 | . 1 . . . . . . . . 2 . . . . . . . . . . . . 2 . . Max Gunslinging Chain 1 | . 1 . . . . . . . . 1 . . . . . . . . . . . . 1 . . Capacitor 508 | . . . . . . . . . . . . . . 14 63 8 79 . 36 4 279 . 25 . . Shots Hit Robots 997 | . 3 10 26 6 . 14 82 16 21 92 21 106 37 10 72 2 95 . 37 . 211 4 117 6 9 Core Hits 455 | . 5 6 11 3 . 8 44 21 19 61 10 53 19 5 18 . 34 . 18 . 72 . 44 . 4 Critical Kills 48 | . . . . . . 1 1 . 1 3 . 18 8 . . . 6 . . . 10 . . . . Critical Parts Destroyed 13 | . . . . . . . . . . 1 . 9 1 . . . 2 . . . . . . . . Critical Strikes 91 | . . 2 2 . . 1 2 . 1 4 . 31 9 1 4 . 19 . . . 10 . 4 . 1 Burn 10 | . . 2 2 . . . 1 . . . . . . 1 2 . 2 . . . . . . . . Meltdown 14 | . . . . . . 1 1 . 1 . . 1 . . . . . . . . 10 . . . . Destroy 55 | . . . . . . . . . . 4 . 30 9 . . . 12 . . . . . . . . Blast 3 | . . . . . . . . . . . . . . . . . 3 . . . . . . . . Sever 4 | . . . . . . . . . . . . . . . . . . . . . . . 4 . . Impale 5 | . . . . . . . . . . . . . . . 2 . 2 . . . . . . . 1 Melee Attacks 172 | . . . . . . . . . 4 13 2 4 . . 14 . 17 4 . . 1 . 78 10 25 Impact . | . . . . . . . . . . . . . . . . . . . . . . . . . . Slashing 59 | . . . . . . . . . . . . . . . . . . . . . . . 54 . 5 Piercing 66 | . . . . . . . . . . 12 . . . . 14 . 17 4 . . . . . . 19 Sneak Attacks 9 | . . . . . . . . . 4 . . . . . . . . . . . . . 4 1 . Combat Hostiles 3 | . . . . . . . . . 1 . . . . . . . . . . . . . 2 . . Follow-up Attacks 1 | . . . . . . . . . . . . . . . . . . . . . . . 1 . . Damage Inflicted 34374 | . 466 153 485 126 . 533 2182 1015 1520 3647 695 2677 824 312 2385 . 3734 . 1339 . 8331 . 3530 . 420 Guns 8636 | . 39 153 205 . . . 381 . . 1170 . 613 649 312 2165 . 2073 . . . 30 . 846 . . Cannons 18354 | . . . 249 126 . 270 1475 371 546 821 695 2064 175 . . . 402 . 1339 . 8258 . 1563 . . Explosions 3951 | . 427 . 31 . . 263 326 644 974 1121 . . . . . . . . . . 43 . 122 . . Melee 3433 | . . . . . . . . . . 535 . . . . 220 . 1259 . . . . . 999 . 420 Ramming . | . . . . . . . . . . . . . . . . . . . . . . . . . . Kinetic 1476 | . . . . . . . 231 . . . . 771 22 . . . 331 . . . . . 121 . . Thermal 24480 | . 26 89 381 126 . 270 1217 371 482 1910 695 1728 649 312 2165 . 2144 . 1339 . 8288 . 2288 . . Explosive 2653 | . 427 . . . . 263 180 644 974 . . . . . . . . . . . 43 . 122 . . Electromagnetic 2332 | . 13 64 104 . . . 554 . 64 1202 . 178 153 . . . . . . . . . . . . Impact . | . . . . . . . . . . . . . . . . . . . . . . . . . . Slashing 1091 | . . . . . . . . . . . . . . . . . . . . . . . 999 . 92 Piercing 2342 | . . . . . . . . . . 535 . . . . 220 . 1259 . . . . . . . 328 Highest Corruption 54 | . 3 3 . . . . . . . 2 . 6 . . . . 7 3 3 . 18 18 54 . . Average Corruption 10 | . 2 3 . . . . . . . 1 . 1 . . . . 6 3 3 . 12 18 26 . . Corruption Purged . | . . . . . . . . . . . . . . . . . . . . . . . . . . Corruption Blocked . | . . . . . . . . . . . . . . . . . . . . . . . . . . Effects 401 | . . 15 . . . . . . . 16 . 47 . . . . 35 . 9 . 45 13 221 . . Message Errors 99 | . . 5 . . . . . . . 5 . 8 . . . . 10 . 2 . 9 3 57 . . Matter Fused 104 | . . 2 . . . . . . . 6 . 12 . . . . 10 . 2 . 13 2 57 . . Heat Flow Errors 44 | . . 2 . . . . . . . . . 7 . . . . 3 . 1 . 6 3 22 . . Energy Discharges 50 | . . 2 . . . . . . . 1 . 8 . . . . 2 . 2 . 4 2 29 . . Parts Rejected 1 | . . . . . . . . . . . . . . . . . . . . . . . 1 . . Parts Fused 2 | . . . . . . . . . . . . 1 . . . . . . . . 1 . . . . Data Loss (minor) 49 | . . 3 . . . . . . . 4 . 5 . . . . 5 . 1 . 7 2 22 . . Data Loss (major) 20 | . . 1 . . . . . . . . . 4 . . . . 1 . . . 2 1 11 . . Misfires 8 | . . . . . . . . . . . . 1 . . . . 3 . 1 . . . 3 . . Alerts 8 | . . . . . . . . . . . . 1 . . . . . . . . 2 . 5 . . Misdirections 12 | . . . . . . . . . . . . . . . . . . . . . 1 . 11 . . Weapon Failures 4 | . . . . . . . . . . . . . . . . . 1 . . . . . 3 . . Overload Shots . | . . . . . . . . . . . . . . . . . . . . . . . . . . Overflow Damage 668 | . 18 . . . . 11 3 11 19 37 8 24 3 . . . 79 . . . 233 . 122 . 100 Projectiles 354 | . . . . . . 2 . . 19 31 8 24 3 . . . 8 . . . 233 . 26 . . Explosions 41 | . 18 . . . . 9 3 11 . . . . . . . . . . . . . . . . . Melee 273 | . . . . . . . . . . 6 . . . . . . 71 . . . . . 96 . 100 Knockbacks 3 | . . . . . . . . . . . . 2 . . . . 1 . . . . . . . . Impact . | . . . . . . . . . . . . . . . . . . . . . . . . . . Kinetic 3 | . . . . . . . . . . . . 2 . . . . 1 . . . . . . . . Secondary . | . . . . . . . . . . . . . . . . . . . . . . . . . . Self-Inflicted Damage 249 | . . . . . . 8 36 72 . 98 . . . . . . . . . . . . 35 . . Shots 12 | . . . . . . 1 1 2 . 7 . . . . . . . . . . . . 1 . . Rammed . | . . . . . . . . . . . . . . . . . . . . . . . . . . Targets Rammed . | . . . . . . . . . . . . . . . . . . . . . . . . . . Kicked . | . . . . . . . . . . . . . . . . . . . . . . . . . . Crushed . | . . . . . . . . . . . . . . . . . . . . . . . . . . Highest Temperature 462 | . 150 271 267 144 . 180 195 117 222 431 397 229 174 102 334 84 352 . 190 2 268 186 462 . . Average Temperature 78 | . 69 67 101 66 . 67 50 36 75 77 165 43 88 42 107 38 103 . 83 2 54 75 121 . . Received Heat Transfer 3324 | . . 39 30 24 . . 270 72 72 357 225 417 212 6 18 18 228 . 340 . 381 9 480 36 90 Effects 3 | . . . . . . . . . 1 1 1 . . . . . . . . . . . . . . Interference 2 | . . . . . . . . . 1 . 1 . . . . . . . . . . . . . . Damage (major) 1 | . . . . . . . . . . 1 . . . . . . . . . . . . . . . Siege Activations 38 | . . . . . . . . . . . . 15 4 1 4 . 4 . 2 . 8 . . . . Total Turns 1309 | . . . . . . . . . . . . 541 69 10 108 . 165 . 37 . 379 . . . . Longest Duration 245 | . . . . . . . . . . . . 101 29 10 82 . 65 . 28 . 245 . . . . Robots Corrupted 2 | . . . . . . . . . . 1 . 1 . . . . . . . . . . . . . Combat Hostiles 2 | . . . . . . . . . . 1 . 1 . . . . . . . . . . . . . Parts Fried 9 | . . . . . . . 1 . . 7 . . . . . . 1 . . . . . . . . Impact Corruptions . | . . . . . . . . . . . . . . . . . . . . . . . . . . Robots Melted 19 | . . . . . . 1 1 . 1 1 . 1 . . . . 3 . . . 11 . . . . Combat Hostiles 13 | . . . . . . 1 1 . . 1 . . . . . . 3 . . . 7 . . . . Parts Melted 75 | . . . 2 . . 3 8 . 4 8 1 7 1 1 1 . 5 . 1 . 28 . 5 . . Heat Transferred 28797 | . 74 407 888 222 . 481 2111 531 700 2654 1050 2477 925 600 2611 . 2627 . 1369 . 7353 . 1717 . . Parts Sabotaged . | . . . . . . . . . . . . . . . . . . . . . . . . . . Parts Stolen . | . . . . . . . . . . . . . . . . . . . . . . . . . . Parts Stripped . | . . . . . . . . . . . . . . . . . . . . . . . . . . Power Chain Reactions 6 | . . . 1 . . . 3 . . 2 . . . . . . . . . . . . . . . Missiles Intercepted . | . . . . . . . . . . . . . . . . . . . . . . . . . . Alert | -11 -10 -10 -9 -9 -9 -8 -8 -8 -7 -7 -6 -6 -5 -4 -4 -4 -4 -3 -3 -2 -2 -2 -2 -1 -1 ------- Run | Jun Mat Min Mat Min Exi Min Mat Gar Fac Gar Fac Gar Fac Fac Was Fac Gar Res DSF Res Gar Res Gar Acc Gar Peak Influence 4611 | . 137 174 110 101 . 154 363 1480 853 3581 2006 4611 2547 1285 393 34 1318 747 729 436 3609 2128 4305 2591 1968 Initial 2582 | . . 53 . 33 . . 7 235 777 520 1879 1397 2420 1237 389 16 . 741 560 409 327 2029 1596 2582 1920 Average 1599 | . 52 48 68 26 . 109 191 817 739 1837 1908 2558 2438 1200 228 21 611 743 621 418 1841 2063 2572 2548 1938 Maximum Alert Level 5 | . . . . . . . 1 4 3 5 5 5 5 4 1 . 4 3 3 2 5 5 5 5 5 Low Security (%) 15 | . 100 100 100 100 . 100 59 . . . . . . . 59 100 20 . . . . . . . . Level 1 3 | . . . . . . . 40 11 . . . . . . 40 . 4 . . . 2 . . . . Level 2 8 | . . . . . . . . 19 33 11 . . . . . . 31 . 67 100 10 . . . . Level 3 11 | . . . . . . . . 47 66 14 . . . 17 . . 35 100 32 . 15 . . . . Level 4 13 | . . . . . . . . 22 . 22 . 20 . 82 . . 9 . . . 19 . . . . Level 5 47 | . . . . . . . . . . 51 100 79 100 . . . . . . . 51 100 99 100 100 High Security . | . . . . . . . . . . . . . . . . . . . . . . . . . . Max Security . | . . . . . . . . . . . . . . . . . . . . . . . . . . Sterilizations 1 | . . . . . . . . . . . . . . . . . . . 1 . . . . . . Squads Dispatched 22 | . 1 . . . . . 3 . 2 . 4 . 5 . . . . . 1 . . 3 . 3 . Investigation 7 | . 1 . . . . . 1 . 1 . 1 . . . . . . . . . . 3 . . . Extermination 1 | . . . . . . . . . . . . . 1 . . . . . . . . . . . . Reinforcement 3 | . . . . . . . 1 . . . . . . . . . . . 1 . . . . 1 . Assault 8 | . . . . . . . . . 1 . 1 . 4 . . . . . . . . . . 2 . Garrison 3 | . . . . . . . 1 . . . 2 . . . . . . . . . . . . . . Intercept . | . . . . . . . . . . . . . . . . . . . . . . . . . . Searches Triggered . | . . . . . . . . . . . . . . . . . . . . . . . . . . Construction Impeded . | . . . . . . . . . . . . . . . . . . . . . . . . . . Haulers Reinforced . | . . . . . . . . . . . . . . . . . . . . . . . . . . Active Scanning Responses . | . . . . . . . . . . . . . . . . . . . . . . . . . . Cargo Convoy Interrupts . | . . . . . . . . . . . . . . . . . . . . . . . . . . Alert ID Control Effect 23 | . . . . . . . . . . . . . . . . . . . . . 16 3 4 . . Stealth | -11 -10 -10 -9 -9 -9 -8 -8 -8 -7 -7 -6 -6 -5 -4 -4 -4 -4 -3 -3 -2 -2 -2 -2 -1 -1 --------- Run | Jun Mat Min Mat Min Exi Min Mat Gar Fac Gar Fac Gar Fac Fac Was Fac Gar Res DSF Res Gar Res Gar Acc Gar Distress Signals 10 | . . . 1 . . . 3 . . . . . . . . . . . . . 6 . . . . Communications Jammed 2 | . . . . . . . . . . . . . . . . . . . . . 2 . . . . Distress Signals 2 | . . . . . . . . . . . . . . . . . . . . . 2 . . . . Times Spotted 392 | . 4 7 8 2 . 5 25 11 9 36 10 41 21 4 6 1 32 . 9 1 70 5 57 5 23 Peak Tracking Total 23 | . 2 3 3 2 . 4 5 5 4 6 3 5 7 1 2 1 6 . 6 1 8 5 9 6 23 Tactical Retreats 33 | . . . . . . . 2 1 . 1 1 2 . . . . 4 . . . 2 2 17 . 1 Traps | -11 -10 -10 -9 -9 -9 -8 -8 -8 -7 -7 -6 -6 -5 -4 -4 -4 -4 -3 -3 -2 -2 -2 -2 -1 -1 ------- Run | Jun Mat Min Mat Min Exi Min Mat Gar Fac Gar Fac Gar Fac Fac Was Fac Gar Res DSF Res Gar Res Gar Acc Gar Traps Triggered 32 | . 4 . . . . . . 1 . 6 . 3 1 1 . 1 2 . . . 7 . 6 . . Indirectly . | . . . . . . . . . . . . . . . . . . . . . . . . . . Trap Hack Attempts . | . . . . . . . . . . . . . . . . . . . . . . . . . . Triggered . | . . . . . . . . . . . . . . . . . . . . . . . . . . Disarmed . | . . . . . . . . . . . . . . . . . . . . . . . . . . Reprogrammed . | . . . . . . . . . . . . . . . . . . . . . . . . . . Reused 27 | . . . . . . . 3 . . . . 6 . . . . . . . . 4 . 14 . . Traps Extracted . | . . . . . . . . . . . . . . . . . . . . . . . . . . Installed 34 | . . . . . . . 4 . . . . 10 . . . . . . . . 4 . 16 . . Triggered 27 | . . . . . . . 3 . . . . 6 . . . . . . . . 4 . 14 . . Most Traps Carried 8 | . . . . 4 4 4 4 . . . . 4 . . . . . . . . 8 4 4 . . Exploded 1 | . . . . . . . 1 . . . . . . . . . . . . . . . . . . Machines | -11 -10 -10 -9 -9 -9 -8 -8 -8 -7 -7 -6 -6 -5 -4 -4 -4 -4 -3 -3 -2 -2 -2 -2 -1 -1 ---------- Run | Jun Mat Min Mat Min Exi Min Mat Gar Fac Gar Fac Gar Fac Fac Was Fac Gar Res DSF Res Gar Res Gar Acc Gar Machines Disabled 67 | . 1 . . 1 . . 4 7 . 10 . 13 . 1 . . 2 . . . 19 1 8 . . Max in Single Turn 2 | . 1 . . 1 . . 1 2 . 1 . 2 . . . . 1 . . . 2 . 1 . . Garrison Relay 27 | . . . . . . . . 5 . 6 . 3 . . . . 1 . . . 7 . 4 . 1 Phase Generator 4 | . . . . . . . . 1 . . . 1 . . . . . . . . 1 . . . 1 Machines Repaired . | . . . . . . . . . . . . . . . . . . . . . . . . . . Machines Sabotaged . | . . . . . . . . . . . . . . . . . . . . . . . . . . Overloaded Fab Kills . | . . . . . . . . . . . . . . . . . . . . . . . . . . Hacking | -11 -10 -10 -9 -9 -9 -8 -8 -8 -7 -7 -6 -6 -5 -4 -4 -4 -4 -3 -3 -2 -2 -2 -2 -1 -1 --------- Run | Jun Mat Min Mat Min Exi Min Mat Gar Fac Gar Fac Gar Fac Fac Was Fac Gar Res DSF Res Gar Res Gar Acc Gar Machines Accessed 51 | . 3 1 5 . 1 . 6 5 2 2 2 3 2 1 . 1 3 1 . 1 2 5 4 1 . Terminals 32 | . 3 . 3 . . . 3 5 . 2 . 3 1 . . . 3 1 . . 2 2 4 . . Fabricators 2 | . . . . . . . . . 1 . 1 . . . . . . . . . . . . . . Repair Stations 3 | . . . . . . . 1 . . . . . 1 . . . . . . . . 1 . . . Recycling Units 2 | . . . 1 . . . . . . . . . . . . . . . . . . 1 . . . Scanalyzers 3 | . . . 1 . . . 1 . . . . . . 1 . . . . . . . . . . . Garrison Access 7 | . . . . . . . 1 . 1 . 1 . . . . 1 . . . 1 . 1 . 1 . Total Hacks 140 | . 13 1 21 . 1 . 22 12 4 4 3 6 8 2 . 1 5 5 . 1 7 14 9 1 . Successful 71 | . 5 1 11 . 1 . 15 5 4 3 1 3 5 2 . 1 3 1 . 1 2 4 2 1 . Failed 67 | . 8 . 9 . . . 6 7 . 1 2 3 3 . . . 2 4 . . 5 10 7 . . Catastrophic 7 | . . . . . . . 1 1 . . . . . . . . . . . . 1 1 3 . . Database Lockouts 2 | . . . 1 . . . 1 . . . . . . . . . . . . . . . . . . Manual 49 | . 13 . 11 . 1 . 9 4 1 2 2 . 3 . . . . . . . 2 1 . . . Terminals 99 | . 13 . 15 . . . 12 12 . 4 . 6 5 . . . 5 5 . . 7 6 9 . . Fabricators 5 | . . . . . . . . . 3 . 2 . . . . . . . . . . . . . . Repair Stations 10 | . . . . . . . 2 . . . . . 3 . . . . . . . . 5 . . . Recycling Units 5 | . . . 3 . . . . . . . . . . . . . . . . . . 2 . . . Scanalyzers 12 | . . . 3 . . . 7 . . . . . . 2 . . . . . . . . . . . Garrison Access 7 | . . . . . . . 1 . 1 . 1 . . . . 1 . . . 1 . 1 . 1 . Terminal Hacks 34 | . 2 1 5 . 1 . 4 5 . 2 . 3 2 . . . 3 1 . . 2 1 2 . . Part Schematic 2 | . . . 1 . . . . . . . . . 1 . . . . . . . . . . . . Robot Analysis 5 | . 2 . 2 . . . 1 . . . . . . . . . . . . . . . . . . Prototype ID Bank 1 | . . . . . . . 1 . . . . . . . . . . . . . . . . . . Open Door 5 | . . 1 . . . . . 1 . . . 1 . . . . . . . . 1 . 1 . . Open DSF 1 | . . . . . . . . . . . . . . . . . . 1 . . . . . . . Branch Access Points 1 | . . . . . . . . . . . . . . . . . . . . . . 1 . . . Emergency Access Points 5 | . . . . . . . . 1 . 1 . 1 . . . . 1 . . . 1 . . . . Locate Traps 1 | . . . 1 . . . . . . . . . . . . . . . . . . . . . . Hauler Manifests 2 | . . . 1 . . . 1 . . . . . . . . . . . . . . . . . . Zone Layout 2 | . . . . . . . 1 . . . . . 1 . . . . . . . . . . . . Garrison Registry 3 | . . . . . . . . 1 . . . 1 . . . . 1 . . . . . . . . Patrol Navigation 2 | . . . . . . . . 1 . 1 . . . . . . . . . . . . . . . Security Stations 3 | . . . . . . . . 1 . . . . . . . . 1 . . . . . 1 . . EX-Prototype ID Bank 1 | . . . . . 1 . . . . . . . . . . . . . . . . . . . . Fabricator Hacks 2 | . . . . . . . . . 2 . . . . . . . . . . . . . . . . Load Schematic 1 | . . . . . . . . . 1 . . . . . . . . . . . . . . . . Build 1 | . . . . . . . . . 1 . . . . . . . . . . . . . . . . Repair Station Hacks 5 | . . . . . . . 2 . . . . . 2 . . . . . . . . 1 . . . Scan Component 3 | . . . . . . . 1 . . . . . 1 . . . . . . . . 1 . . . Repair 2 | . . . . . . . 1 . . . . . 1 . . . . . . . . . . . . Recycling Unit Hacks 1 | . . . 1 . . . . . . . . . . . . . . . . . . . . . . Report Inventory 1 | . . . 1 . . . . . . . . . . . . . . . . . . . . . . Scanalyzer 10 | . . . 3 . . . 5 . . . . . . 2 . . . . . . . . . . . Insert Component 4 | . . . 2 . . . 1 . . . . . . 1 . . . . . . . . . . . Analyze 6 | . . . 1 . . . 4 . . . . . . 1 . . . . . . . . . . . Garrison Access Hacks 7 | . . . . . . . 1 . 1 . 1 . . . . 1 . . . 1 . 1 . 1 . Unlock Access 7 | . . . . . . . 1 . 1 . 1 . . . . 1 . . . 1 . 1 . 1 . Unauthorized Hacks 12 | . 3 . 2 . . . 3 . 1 1 . . 1 . . . . . . . . 1 . . . Terminals 11 | . 3 . 2 . . . 3 . . 1 . . 1 . . . . . . . . 1 . . . Assimilate 1 | . 1 . . . . . . . . . . . . . . . . . . . . . . . . Botnet 9 | . 1 . 2 . . . 3 . . 1 . . 1 . . . . . . . . 1 . . . Detonate 1 | . 1 . . . . . . . . . . . . . . . . . . . . . . . . Fabricators 1 | . . . . . . . . . 1 . . . . . . . . . . . . . . . . Fabnet 1 | . . . . . . . . . 1 . . . . . . . . . . . . . . . . Repair Stations . | . . . . . . . . . . . . . . . . . . . . . . . . . . Recycling Units . | . . . . . . . . . . . . . . . . . . . . . . . . . . Scanalyzers . | . . . . . . . . . . . . . . . . . . . . . . . . . . Garrison Access . | . . . . . . . . . . . . . . . . . . . . . . . . . . Data Cores Recovered 1 | . . . . . . . 1 . . . . . . . . . . . . . . . . . . Used . | . . . . . . . . . . . . . . . . . . . . . . . . . . Hacking Detections 43 | . 2 . 5 . . . 4 5 2 2 2 3 2 1 . 1 2 1 . 1 2 5 3 . . Full Trace Events 13 | . 1 . . . . . . 1 1 . 1 1 . . . . 1 . . . 1 3 3 . . Feedback Events 1 | . . . . . . . . . . . . . . . . . . . . . 1 . . . . Corruption 1 | . . . . . . . . . . . . . . . . . . . . . 1 . . . . Feedback Blocked . | . . . . . . . . . . . . . . . . . . . . . . . . . . Robot Schematics Acquired . | . . . . . . . . . . . . . . . . . . . . . . . . . . Robots Built . | . . . . . . . . . . . . . . . . . . . . . . . . . . Authchips . | . . . . . . . . . . . . . . . . . . . . . . . . . . Time . | . . . . . . . . . . . . . . . . . . . . . . . . . . Total Robot Build Rating . | . . . . . . . . . . . . . . . . . . . . . . . . . . Part Schematics Acquired 4 | . . . 2 . . . 1 . . . . . 1 . . . . . . . . . . . . Parts Built 1 | . . . . . . . . . 1 . . . . . . . . . . . . . . . . Authchips . | . . . . . . . . . . . . . . . . . . . . . . . . . . Time 51 | . . . . . . . . . 51 . . . . . . . . . . . . . . . . Total Part Build Rating 1 | . . . . . . . . . 1 . . . . . . . . . . . . . . . . Parts Repaired 2 | . . . . . . . 1 . . . . . 1 . . . . . . . . . . . . Time 56 | . . . . . . . 22 . . . . . 34 . . . . . . . . . . . . Parts Recycled . | . . . . . . . . . . . . . . . . . . . . . . . . . . Recycled Matter . | . . . . . . . . . . . . . . . . . . . . . . . . . . Retrieved Matter . | . . . . . . . . . . . . . . . . . . . . . . . . . . Retrieved Components . | . . . . . . . . . . . . . . . . . . . . . . . . . . Parts Scanalyzed 3 | . . . 1 . . . 1 . . . . . . 1 . . . . . . . . . . . Part Schematics Acquired 2 | . . . 1 . . . 1 . . . . . . . . . . . . . . . . . . Parts Damaged . | . . . . . . . . . . . . . . . . . . . . . . . . . . Bothacking | -11 -10 -10 -9 -9 -9 -8 -8 -8 -7 -7 -6 -6 -5 -4 -4 -4 -4 -3 -3 -2 -2 -2 -2 -1 -1 ------------ Run | Jun Mat Min Mat Min Exi Min Mat Gar Fac Gar Fac Gar Fac Fac Was Fac Gar Res DSF Res Gar Res Gar Acc Gar Used RIF Installer 6 | . . . . . . . . 1 . 1 . 1 . . . . 1 . . . 1 . 1 . . Signal Jammer 1 | . . . . . . . . . . . . 1 . . . . . . . . . . . . . Watcher Feeds 1 | . . . . . . . . . . . . . . . . . . . . . 1 . . . . Patrol Navigation 1 | . . . . . . . . . . 1 . . . . . . . . . . . . . . . Alert ID Control 1 | . . . . . . . . . . . . . . . . . 1 . . . . . . . . Autoassimilate 1 | . . . . . . . . . . . . . . . . . . . . . . . 1 . . Robots Hacked 56 | . . . . . . . . . 4 1 2 4 8 . . 2 . . . . 10 3 19 2 1 Non-combat 6 | . . . . . . . . . 3 . . . . . . 1 . . . . . 1 . 1 . Combat 50 | . . . . . . . . . 1 1 2 4 8 . . 1 . . . . 10 2 19 1 1 Autoassimilated 2 | . . . . . . . . . . . . . . . . . . . . . . . . 1 1 Robot Hacks Applied 59 | . . . . . . . . . 4 1 2 3 8 . . 2 . . . . 10 3 22 4 . parse_system 1 | . . . . . . . . . . . . . . . . . . . . . . . 1 . . find_chute 2 | . . . . . . . . . 2 . . . . . . . . . . . . . . . . find_recycling 2 | . . . . . . . . . 1 . . . . . . 1 . . . . . . . . . check_alert 1 | . . . . . . . . . . . . . . . . . . . . . . . . 1 . purge_threat 1 | . . . . . . . . . . . . . . . . . . . . . . . . 1 . locate_traps 1 | . . . . . . . . . . . . . . . . . . . . . . . . 1 . focus_fire 1 | . . . . . . . . . . . . . . . . . . . . . . . 1 . . reboot_propulsion 1 | . . . . . . . . . . . . . . . . . . . . . . . 1 . . scatter_targeting 2 | . . . . . . . . . . . . . . . . . . . . . . . 2 . . amplify_resonance 1 | . . . . . . . . . . . . . . . . . . . . . . . . 1 . disable_weapons 2 | . . . . . . . . . . . . . . . . . . . . . . . 2 . . reboot_system 1 | . . . . . . . . . . . . . . . . . . . . . . . 1 . . go_dormant 2 | . . . . . . . . . . . . . . . . . . . . . . . 2 . . overwrite_iff 30 | . . . . . . . . . . 1 2 2 7 . . 1 . . . . 9 . 8 . . formatsys_high 11 | . . . . . . . . . 1 . . 1 1 . . . . . . . 1 3 4 . . Relay Couplers Released 108 | . . . . . . . . 19 . 24 . 11 . . . . 5 . . . 28 . 18 . 3 Machine Destruction 108 | . . . . . . . . 19 . 24 . 11 . . . . 5 . . . 28 . 18 . 3 Attached 42 | . . . . . . . . . 1 1 . 2 3 . . 1 4 . . . 12 2 16 . . Fabnet Peak Effective % 3 | . . . . . . . . . . . 3 3 1 . . . . . . . . . . . . Autooverrided 1 | . . . . . . . . . . . . 1 . . . . . . . . . . . . . Robots Rewired 39 | . . . . . . . . 3 . 3 . . . . . . 10 . . . 19 . 4 . . Allies Hacked 6 | . . . . . . . . . . . . . 1 . . . . . . . 2 . 3 . . Hacks Repelled . | . . . . . . . . . . . . . . . . . . . . . . . . . . Allies | -11 -10 -10 -9 -9 -9 -8 -8 -8 -7 -7 -6 -6 -5 -4 -4 -4 -4 -3 -3 -2 -2 -2 -2 -1 -1 -------- Run | Jun Mat Min Mat Min Exi Min Mat Gar Fac Gar Fac Gar Fac Fac Was Fac Gar Res DSF Res Gar Res Gar Acc Gar Total Allies 94 | . 1 4 . . . . . 5 1 4 2 7 8 . 1 1 10 . . . 29 3 16 1 1 Largest Group 7 | . 1 4 3 2 2 2 2 5 3 3 2 2 3 1 1 1 6 3 2 . 7 3 7 1 1 Highest-Rated Group 419 | . 10 62 31 23 23 23 23 104 57 90 64 160 124 47 46 116 248 168 112 . 419 273 317 58 58 Highest-Rated Ally 148 | . 10 31 13 13 13 13 13 31 25 32 32 80 47 47 46 116 85 56 56 . 99 148 148 58 58 Total Orders 32 | . . 9 . . . . 1 . . . . 2 . . . . 3 . 1 . 9 2 5 . . STAY 9 | . . 3 . . . . 1 . . . . 1 . . . . . . . . 2 2 . . . ROAM 13 | . . . . . . . . . . . . 1 . . . . 3 . 1 . 4 . 4 . . FOLLOW 9 | . . 6 . . . . . . . . . . . . . . . . . . 2 . 1 . . RETURN 1 | . . . . . . . . . . . . . . . . . . . . . 1 . . . . Ally Attacks 433 | . . 23 15 . . 5 1 38 17 9 4 24 36 7 16 . 43 . 17 . 93 15 70 . . Total Damage 12831 | . . 228 172 . . 66 16 780 391 339 133 722 791 158 550 . 1522 . 489 . 3581 566 2327 . . Kills 81 | . . 3 3 . . 1 1 7 6 3 2 3 5 . . . 8 . 1 . 25 4 9 . . Allies Corrupted 12 | . . . . . . . . . . . . 2 . . . . . . . . 7 . 3 . . Allies Melted . | . . . . . . . . . . . . . . . . . . . . . . . . . . Intel | -11 -10 -10 -9 -9 -9 -8 -8 -8 -7 -7 -6 -6 -5 -4 -4 -4 -4 -3 -3 -2 -2 -2 -2 -1 -1 ------- Run | Jun Mat Min Mat Min Exi Min Mat Gar Fac Gar Fac Gar Fac Fac Was Fac Gar Res DSF Res Gar Res Gar Acc Gar Robot Analysis Total 5 | . 2 . 2 . . . 1 . . . . . . . . . . . . . . . . . . Derelict Logs Recovered 5 | . . 2 . 3 . . . . . . . . . . . . . . . . . . . . . Drone Launches 28 | . . . . . . . . . . . . . . . . . 8 . . . 14 . 6 . . Drone Recoveries 10 | . . . . . . . . . . . . . . . . . 2 . . . 6 . 2 . . Exploration | -11 -10 -10 -9 -9 -9 -8 -8 -8 -7 -7 -6 -6 -5 -4 -4 -4 -4 -3 -3 -2 -2 -2 -2 -1 -1 ------------- Run | Jun Mat Min Mat Min Exi Min Mat Gar Fac Gar Fac Gar Fac Fac Was Fac Gar Res DSF Res Gar Res Gar Acc Gar Turns Passed 33441 | . 202 977 460 573 300 542 1173 1615 679 5575 372 5722 695 572 989 471 2473 160 361 151 4184 249 4224 329 393 Spaces Moved 12433 | 1 115 605 243 467 255 394 532 931 300 1124 62 1335 220 193 222 189 749 68 111 58 1333 116 2394 199 217 Core 110 | . . . . . . . . . . 35 . . . . . . . . . . . . 45 17 13 Treads 1678 | . 69 295 . . . . . . . 208 . 807 40 . 204 4 31 . . . 20 . . . . Legs 47 | 1 46 . . . . . . . . . . . . . . . . . . . . . . . . Wheels 8225 | . . 310 243 467 255 394 532 931 300 881 62 528 180 193 18 185 718 68 111 58 1313 116 330 . 32 Hover . | . . . . . . . . . . . . . . . . . . . . . . . . . . Flight 2373 | . . . . . . . . . . . . . . . . . . . . . . . 2019 182 172 Fastest Speed 16 | 120 120 135 135 115 115 115 115 125 125 180 185 190 190 175 190 205 175 205 205 192 175 175 16 24 37 Average Speed 175 | 120 144 147 152 116 115 115 124 125 165 411 222 268 219 226 367 208 203 205 207 200 197 184 50 40 59 Slowest Speed 2950 | 120 160 160 215 145 115 115 170 140 295 2950 315 315 350 335 385 385 385 205 360 205 410 192 545 100 200 Overloaded Moves 119 | . . . . . . . . . . . . . . . . . . . . . . . 107 12 . Propulsion Burnouts . | . . . . . . . . . . . . . . . . . . . . . . . . . . Robots Hopped 15 | . . . . . . . . . . . . . . . . . . . . . . . 2 . 13 Cave-ins Triggered 2 | . . . . . . . . . . . . . . . . . . . . . . . 2 . . Exploration Rate (%) 46 | 2 35 98 29 98 65 65 45 95 8 98 2 87 7 7 86 9 59 3 90 2 97 6 86 7 27 Regions Visited 25 Branch Regions 4 Pre-discovered Areas 1 | . . . . 1 . . . . . . . . . . . . . . . . . . . . . Known Exits Taken 8 | . . . . . . . 1 . 1 . 1 . . . . 1 . 1 . 1 . 1 . 1 . Unknown Exits Taken 8 | 1 1 1 1 1 1 1 . . . . . . 1 . . . . . . . . . . . . Scrap Searched 5 | . . 1 . 3 . 1 . . . . . . . . . . . . . . . . . . . Spaces Dug 71 | . . . . . . . . . . 2 . 2 . 13 . 10 1 3 2 4 9 . 13 3 9 Terrain Destroyed 690 | . 18 . 2 . . 13 23 165 37 14 3 144 . 16 2 10 6 3 5 4 172 . 41 3 9 Melee 13 | . . . . . . . . . . . . . . . . . 1 3 . . . . . . 9 Projectile 139 | . . . . . . . . 2 1 8 3 6 . 16 2 10 5 . 5 4 46 . 28 3 . AOE 538 | . 18 . 2 . . 13 23 163 36 6 . 138 . . . . . . . . 126 . 13 . . Terrain Rammed . | . . . . . . . . . . . . . . . . . . . . . . . . . . Walls Destroyed . | . . . . . . . . . . . . . . . . . . . . . . . . . . Machines Disabled . | . . . . . . . . . . . . . . . . . . . . . . . . . . Actions | -11 -10 -10 -9 -9 -9 -8 -8 -8 -7 -7 -6 -6 -5 -4 -4 -4 -4 -3 -3 -2 -2 -2 -2 -1 -1 --------- Run | Jun Mat Min Mat Min Exi Min Mat Gar Fac Gar Fac Gar Fac Fac Was Fac Gar Res DSF Res Gar Res Gar Acc Gar Total 23053 | . 137 673 299 491 263 461 923 1310 455 1872 271 3315 398 317 377 263 1637 82 243 93 2890 151 5261 448 423 Wait 7520 | . . 42 5 10 2 50 259 240 106 427 180 1706 94 61 50 35 587 . 39 21 884 23 2323 214 162 Move 12389 | . 114 604 242 466 254 393 532 930 299 1123 62 1334 219 193 221 189 748 67 110 57 1332 116 2387 199 198 Hop 7 | . . . . . . . . . . . . . . . . . . . . . . . 2 . 5 Pick Up 347 | . 4 9 9 4 4 1 20 29 12 30 2 40 12 5 6 11 18 3 17 1 38 1 63 2 6 Fast Attach 155 | . 6 1 7 . . 1 6 1 1 5 3 10 3 9 5 . 10 1 5 2 28 . 45 4 2 Attach 201 | . . . 2 1 . . 4 1 4 18 4 20 12 5 5 2 29 3 8 3 25 2 32 8 13 Detach 122 | . . 1 5 1 . . 1 . . 9 1 15 3 8 4 . 21 1 3 1 18 . 17 5 8 Swap 153 | . 3 4 . 1 . 3 14 11 6 26 3 19 9 1 1 3 4 1 1 2 19 1 17 2 2 Drop 345 | . 4 3 10 4 3 2 22 32 5 22 1 43 12 7 7 9 15 2 18 2 42 2 76 1 1 Fire 1133 | . 6 9 19 4 . 11 61 48 17 127 13 109 34 28 64 14 103 . 42 4 309 6 102 3 . Melee 167 | . . . . . . . . . 4 13 2 4 . . 14 . 17 4 . . 1 . 73 10 25 Ram . | . . . . . . . . . . . . . . . . . . . . . . . . . . Kick . | . . . . . . . . . . . . . . . . . . . . . . . . . . Crush . | . . . . . . . . . . . . . . . . . . . . . . . . . . Escape Stasis 166 | . . . . . . . . 8 . 36 . 4 . . . . . . . . 48 . 69 . 1 Rewire 314 | . . . . . . . . 10 1 36 . 1 . . . . 85 . . . 142 . 39 . . Trap 34 | . . . . . . . 4 . . . . 10 . . . . . . . . 4 . 16 . . Miscellaneous . | . . . . . . . . . . . . . . . . . . . . . . . . . . Route ------- -11/Junkyard -10/Materials -10/Mines (discovered 2 exits: *Mat x2) -9/Materials -9/Mines (discovered 3 exits: *Mat x2 / *Exi) -9/Exiles -8/Mines -8/Materials (discovered 4 exits: *Fac x2 / Sto / Gar) -8/Garrison (discovered 4 exits: *Fac x3 / [*Mat]) -7/Factory (discovered 2 exits: [*Low] / Gar) -7/Garrison (discovered 3 exits: *Fac x3) -6/Factory -6/Garrison (discovered 3 exits: *Fac x3) -5/Factory -4/Factory -4/Waste -4/Factory -4/Garrison (discovered 3 exits: *Res x3) -3/Research -3/DSF -2/Research -2/Garrison (discovered 3 exits: *Res x3) -2/Research (discovered 3 exits: Tes x2 / Gar) -2/Garrison (discovered 3 exits: *Acc x3) -1/Access -1/Garrison History --------- Turn | Location | Event 1 | -11/Junkyard | Discovered new exit (range 0) 1 | -11/Junkyard | Entered Materials 110 | -10/Materials | Discovered new exit (range 12) 203 | -10/Materials | Entered Mines 203 | -10/Mines | Accompanied by 1 ally 204 | -10/Mines | Assembled infested the area 209 | -10/Mines | Assisted by a Guerilla fighting off Assembled 213 | -10/Mines | Assisted by bots powering up and referring to "LRC-V3" 227 | -10/Mines | Learned Materials stockpile data 413 | -10/Mines | Received a Mining Laser from a helpful Derelict 693 | -10/Mines | Build established: Mutant 815 | -10/Mines | Received a Rocket Launcher from a helpful Derelict 849 | -10/Mines | Discovered new exit (range 10) 908 | -10/Mines | Discovered new exit (range 8) 1084 | -10/Mines | Found the Drone Emporium 1092 | -10/Mines | Found Prototype Device 1180 | -10/Mines | Entered Materials 1180 | -9/Materials | Accompanied by 3 allies 1180 | -9/Materials | Evolved 2 slots: Utility x2 1485 | -9/Materials | Identified Sensor Drone Bay 1586 | -9/Materials | Discovered new exit (range 6) 1619 | -9/Materials | Central database locked down 1640 | -9/Materials | Entered Mines 1640 | -9/Mines | Accompanied by 2 allies 1692 | -9/Mines | Found a hidden stash of uninstalled traps 1746 | -9/Mines | A weapon hastily lodged in a ceiling crevice suddenly fell to the ground 1764 | -9/Mines | Learned Materials non-interactive machine intel 1766 | -9/Mines | Learned Materials emergency access door positions 1771 | -9/Mines | Discovered new exit (range 5) 1820 | -9/Mines | Found a damaged Exp. Sensor Array with a note attached 1825 | -9/Mines | Found Prototype Device 1955 | -9/Mines | Learned location of Storage (-8) 1988 | -9/Mines | Discovered new exit (range 5) 2043 | -9/Mines | Deemed a non-threat by the Exiles lab entrance 2043 | -9/Mines | Discovered new exit (range 5) 2213 | -9/Mines | Entered Exiles 2213 | -9/Exiles | Accompanied by 2 allies 2249 | -9/Exiles | Met 8R-AWN 2266 | -9/Exiles | Met EX-HEX 2342 | -9/Exiles | Met EX-BIN 2358 | -9/Exiles | Aligned with FarCom system 2359 | -9/Exiles | Given EX-Vault access code 2386 | -9/Exiles | Opened EX-Vault 2394 | -9/Exiles | Found 0b10 Alert Chip 2419 | -9/Exiles | Warned to stay clear of 0b10 Research branches 2451 | -9/Exiles | Met EX-DEC 2503 | -9/Exiles | Discovered new exit (range 10) 2513 | -9/Exiles | Left Exiles lab with 0b10 Alert Chip 2513 | -9/Exiles | Entered Mines 2513 | -8/Mines | Accompanied by 2 allies 2538 | -8/Mines | Build established: Trapper-Mutant 3035 | -8/Mines | Discovered new exit (range 15) 3055 | -8/Mines | Entered Materials 3055 | -8/Materials | Accompanied by 2 allies 3055 | -8/Materials | Evolved 2 slots: Utility x2 3056 | -8/Materials | Identified exit to Storage 3058 | -8/Materials | Loaded intel: 50 non-interactive machine locations 3284 | -8/Materials | Discovered new exit (range 5) 3327 | -8/Materials | Repaired Imp. Cooling System 3563 | -8/Materials | Central database locked down 3577 | -8/Materials | Identified Exp. Sensor Array 3768 | -8/Materials | Discovered new exit (range 3) 3868 | -8/Materials | Build established: Scavenger-Mutant 4165 | -8/Materials | Garrison activated, responded to threat 4228 | -8/Materials | Identified exit to Garrison 4228 | -8/Materials | Entered Garrison 4280 | -8/Garrison | Build established: Mutant 4407 | -8/Garrison | Warlord forces raided the area 4413 | -8/Garrison | Garrison Relay disabled 4420 | -8/Garrison | Triggered checkpoint 4532 | -8/Garrison | Triggered checkpoint 4534 | -8/Garrison | Triggered checkpoint 4668 | -8/Garrison | Rescued a captive Derelict 4670 | -8/Garrison | Rescued a captive Derelict 4701 | -8/Garrison | Discovered new exit (range 85) 4701 | -8/Garrison | Discovered new exit (range 14) 4701 | -8/Garrison | Discovered new exit (range 66) 4701 | -8/Garrison | Discovered new exit (range 78) 4712 | -8/Garrison | Triggered checkpoint 4723 | -8/Garrison | Garrison Relay disabled 4900 | -8/Garrison | Learned Factory security intel 5302 | -8/Garrison | Garrison Relay disabled 5304 | -8/Garrison | Triggered checkpoint 5318 | -8/Garrison | Build established: Hacker-Mutant 5338 | -8/Garrison | Garrison Relay disabled 5412 | -8/Garrison | Spotted B-75 Beast 5496 | -8/Garrison | Installed Relay Interface Framework 5595 | -8/Garrison | Phase Generator disabled 5772 | -8/Garrison | Triggered checkpoint 5798 | -8/Garrison | Build established: Bothacker-Mutant 5801 | -8/Garrison | Garrison Relay disabled 5843 | -8/Garrison | Entered Factory 5843 | -7/Factory | Accompanied by 3 allies 5843 | -7/Factory | Evolved 2 slots: Utility x2 5855 | -7/Factory | Identified exit to Garrison 6072 | -7/Factory | Fabricated Cargo Storage Unit (x1) 6243 | -7/Factory | First assault squad dispatched 6281 | -7/Factory | Discovered new exit (range 11) 6522 | -7/Factory | Entered Garrison 6690 | -7/Garrison | Triggered checkpoint 6720 | -7/Garrison | Triggered checkpoint 6739 | -7/Garrison | Garrison Relay disabled 7002 | -7/Garrison | P-70 Sage assimilated allied Fighter 4a 7042 | -7/Garrison | Found Quantum Capacitor 7298 | -7/Garrison | Triggered checkpoint 7338 | -7/Garrison | Triggered checkpoint 7432 | -7/Garrison | Garrison Relay disabled 7675 | -7/Garrison | Discovered new exit (range 15) 7912 | -7/Garrison | Triggered checkpoint 7994 | -7/Garrison | Garrison Relay disabled 8330 | -7/Garrison | Triggered checkpoint 9504 | -7/Garrison | Triggered checkpoint 9533 | -7/Garrison | Discovered new exit (range 14) 9889 | -7/Garrison | Triggered checkpoint 9944 | -7/Garrison | Garrison Relay disabled 10228 | -7/Garrison | Expanded RIF knowledge: Patrol Navigation 10354 | -7/Garrison | Triggered checkpoint 10621 | -7/Garrison | Garrison Relay disabled 10665 | -7/Garrison | Triggered checkpoint 10671 | -7/Garrison | Core integrity fell below 50% 10937 | -7/Garrison | Discovered new exit (range 15) 11031 | -7/Garrison | Lost 3 parts (1p1n1u) 11557 | -7/Garrison | Garrison Relay disabled 12097 | -7/Garrison | Entered Factory 12097 | -6/Factory | Evolved 2 slots: Utility x2 12317 | -6/Factory | Garrison activated, responded to threat 12447 | -6/Factory | First assault squad dispatched 12469 | -6/Factory | Identified exit to Garrison 12469 | -6/Factory | Entered Garrison 13024 | -6/Garrison | Triggered checkpoint 13076 | -6/Garrison | Build established: Bothacker-Skirmisher 13647 | -6/Garrison | Spotted B-75 Beast 13765 | -6/Garrison | Triggered checkpoint 14804 | -6/Garrison | Triggered checkpoint 14819 | -6/Garrison | Destroyed B-75 Beast 14999 | -6/Garrison | Build established: Bothacker-Mutant 15074 | -6/Garrison | Discovered new exit (range 10) 15151 | -6/Garrison | Phase Generator disabled 15270 | -6/Garrison | Rescued a captive Derelict 15800 | -6/Garrison | Garrison Relay disabled 16168 | -6/Garrison | Triggered checkpoint 16566 | -6/Garrison | Discovered new exit (range 10) 16859 | -6/Garrison | Expanded RIF knowledge: Signal Jamming 17298 | -6/Garrison | Triggered checkpoint 17792 | -6/Garrison | Found embedded Infiltrators 17843 | -6/Garrison | Discovered new exit (range 14) 18129 | -6/Garrison | Discovered new exit (range 62) 18129 | -6/Garrison | Discovered new exit (range 55) 18129 | -6/Garrison | Discovered new exit (range 15) 18191 | -6/Garrison | Entered Factory 18191 | -5/Factory | Evolved 2 slots: Utility x2 18326 | -5/Factory | Repaired Adv. Heavy Treads 18491 | -5/Factory | First assault squad dispatched 18841 | -5/Factory | Discovered new exit (range 15) 18886 | -5/Factory | Entered another Factory area 18886 | -4/Factory | Accompanied by 1 ally 18886 | -4/Factory | Evolved 2 slots: Utility x2 19458 | -4/Factory | Sucked down chute 19458 | -4/Factory | Entered Waste 19459 | -4/Waste | Met a frightened Derelict 19493 | -4/Waste | Spotted C-40 Crusher 19505 | -4/Waste | Destroyed C-40 Crusher 19527 | -4/Waste | Destroyed C-40 Crusher 19549 | -4/Waste | Found Damper Plating 19579 | -4/Waste | Spotted C-40 Crusher 19589 | -4/Waste | Destroyed C-40 Crusher 19599 | -4/Waste | Destroyed C-40 Crusher 19623 | -4/Waste | Found Damper Plating 19652 | -4/Waste | Spotted C-40 Crusher 19678 | -4/Waste | Crushed by Compactor (0 parts destroyed, 1 dropped) 19681 | -4/Waste | Destroyed C-40 Crusher 19685 | -4/Waste | Crushed by Compactor (0 parts destroyed, 1 dropped) 19688 | -4/Waste | Crushed by Compactor (0 parts destroyed, 1 dropped) 19694 | -4/Waste | Crushed by Compactor (0 parts destroyed, 1 dropped) 19700 | -4/Waste | Crushed by Compactor (0 parts destroyed, 2 dropped) 19730 | -4/Waste | Crushed by Compactor (0 parts destroyed, 1 dropped) 19738 | -4/Waste | Destroyed C-40 Crusher 19763 | -4/Waste | Found Damper Plating 20092 | -4/Waste | Found Broken Adv. Force Booster 20197 | -4/Waste | Discovered new exit (range 14) 20447 | -4/Waste | Entered Factory 20896 | -4/Factory | Spotted B-86 Titan 20918 | -4/Factory | Identified exit to Garrison 20918 | -4/Factory | Entered Garrison 21114 | -4/Garrison | Garrison Relay disabled 21214 | -4/Garrison | Triggered checkpoint 21262 | -4/Garrison | Triggered checkpoint 21285 | -4/Garrison | Found Enh. Force Lance 21310 | -4/Garrison | Discovered new exit (range 82) 21310 | -4/Garrison | Discovered new exit (range 59) 21310 | -4/Garrison | Discovered new exit (range 93) 21551 | -4/Garrison | Destroyed 8 combat bots 21674 | -4/Garrison | Spotted B-86 Titan 21674 | -4/Garrison | Triggered checkpoint 21748 | -4/Garrison | Lost 7 parts (1p1n3u2w) 21922 | -4/Garrison | Triggered checkpoint 22019 | -4/Garrison | Build established: Hauler-Mutant 22053 | -4/Garrison | Identified exit to Research 22072 | -4/Garrison | Triggered checkpoint 22151 | -4/Garrison | Destroyed B-86 Titan 22796 | -4/Garrison | Rewired B-75 Beast 22949 | -4/Garrison | Found Hvy. Reflective Plating 23127 | -4/Garrison | Expanded RIF knowledge: Alert ID Control 23378 | -4/Garrison | Learned Research security intel 23391 | -4/Garrison | Entered Research 23391 | -3/Research | Accompanied by 3 allies 23391 | -3/Research | Evolved 2 slots: Utility x2 23549 | -3/Research | Identified exit to DSF 23551 | -3/Research | Entered DSF 23551 | -3/DSF | Accompanied by 2 allies 23651 | -3/DSF | Additional patrols routed to DSF 23709 | -3/DSF | Found Quantum Capacitor 23806 | -3/DSF | Sterilization system engaged 23818 | -3/DSF | Destroyed 7 combat bots 23826 | -3/DSF | Ambient heat levels rising (+10) 23841 | -3/DSF | Ambient heat levels rising (+10) 23856 | -3/DSF | Ambient heat levels rising (+10) 23871 | -3/DSF | Ambient heat levels rising (+10) 23883 | -3/DSF | Discovered new exit (range 15) 23886 | -3/DSF | Ambient heat levels rising (+10) 23901 | -3/DSF | Ambient heat levels rising (+10) 23912 | -3/DSF | Entered Research 23912 | -2/Research | Evolved 2 slots: Utility x2 24008 | -2/Research | Identified exit to Garrison 24063 | -2/Research | Entered Garrison 24250 | -2/Garrison | Triggered checkpoint 24358 | -2/Garrison | Garrison Relay disabled 24372 | -2/Garrison | Build established: Bothacker-Assassin 24460 | -2/Garrison | Phase Generator disabled 24664 | -2/Garrison | Found Adv. Powered Armor 24667 | -2/Garrison | Found Adv. Powered Armor 24876 | -2/Garrison | Triggered checkpoint 24900 | -2/Garrison | Triggered checkpoint 24920 | -2/Garrison | Build established: Bothacker-Mutant 25075 | -2/Garrison | Destroyed 7 combat bots 25124 | -2/Garrison | Spotted B-90 Cyclops 25135 | -2/Garrison | Destroyed B-90 Cyclops 25171 | -2/Garrison | Lost 3 parts (3u) 25172 | -2/Garrison | Triggered checkpoint 25186 | -2/Garrison | Discovered new exit (range 44) 25234 | -2/Garrison | Lost 3 parts (3u) 25381 | -2/Garrison | Triggered checkpoint 25633 | -2/Garrison | Garrison Relay disabled 25700 | -2/Garrison | Discovered new exit (range 9) 26048 | -2/Garrison | Triggered checkpoint 26225 | -2/Garrison | Build established: Bothacker-Assassin 26482 | -2/Garrison | Expanded RIF knowledge: Watcher Feeds 26541 | -2/Garrison | Discovered new exit (range 10) 26788 | -2/Garrison | Build established: Bothacker-Mutant 26887 | -2/Garrison | Lost 3 parts (1n2u) 26999 | -2/Garrison | Garrison Relay disabled 27108 | -2/Garrison | Triggered checkpoint 27186 | -2/Garrison | Triggered checkpoint 27213 | -2/Garrison | Garrison Relay disabled 27278 | -2/Garrison | System corruption reached 10% 27522 | -2/Garrison | Found Quantum Capacitor 27620 | -2/Garrison | Spotted Striker 27653 | -2/Garrison | Destroyed Striker 27682 | -2/Garrison | Rewired Striker 27763 | -2/Garrison | Triggered checkpoint 27810 | -2/Garrison | Garrison Relay disabled 27909 | -2/Garrison | Build established: Botlord-Mutant 28001 | -2/Garrison | Triggered checkpoint 28046 | -2/Garrison | Triggered checkpoint 28050 | -2/Garrison | Garrison Relay disabled 28247 | -2/Garrison | Entered Research 28247 | -2/Research | Accompanied by 1 ally 28294 | -2/Research | Spotted B-90 Cyclops 28296 | -2/Research | Assimilated Cyclops 9a with formatsys_high 28311 | -2/Research | Identified exit to Testing 28496 | -2/Research | Identified exit to Garrison 28496 | -2/Research | Entered Garrison 28496 | -2/Garrison | Accompanied by 1 ally 28562 | -2/Garrison | Rewired B-90 Cyclops 28575 | -2/Garrison | Spotted B-90 Cyclops 28606 | -2/Garrison | Allies destroyed B-90 Cyclops 28670 | -2/Garrison | Triggered checkpoint 28903 | -2/Garrison | Garrison Relay disabled 28984 | -2/Garrison | P-80 Master assimilated allied Plague 9c 29530 | -2/Garrison | Core integrity fell below 50% 29543 | -2/Garrison | Lost 17 parts (2p1n11u3w) 29587 | -2/Garrison | Lost 4 parts (1p3u) 29757 | -2/Garrison | Spotted B-90 Cyclops 29936 | -2/Garrison | Triggered checkpoint 30534 | -2/Garrison | Crushed by falling debris 30565 | -2/Garrison | Lost 4 parts (4u) 30930 | -2/Garrison | Build established: Scavenger-Sprinter 30996 | -2/Garrison | Discovered new exit (range 12) 30997 | -2/Garrison | Learned Access security intel 31294 | -2/Garrison | Build established: Scavenger-Scout 31525 | -2/Garrison | Triggered checkpoint 31553 | -2/Garrison | Triggered checkpoint 31837 | -2/Garrison | System corruption reached 30% 31981 | -2/Garrison | Build established: Botlord-Scout 32202 | -2/Garrison | Crushed by falling debris 32233 | -2/Garrison | Lost 3 parts (1n2u) 32245 | -2/Garrison | Discovered new exit (range 12) 32274 | -2/Garrison | Triggered checkpoint 32313 | -2/Garrison | Garrison Relay disabled 32331 | -2/Garrison | Lost 3 parts (2n1u) 32413 | -2/Garrison | Triggered checkpoint 32566 | -2/Garrison | Triggered checkpoint 32570 | -2/Garrison | Lost 4 parts (2n2u) 32578 | -2/Garrison | Discovered new exit (range 10) 32586 | -2/Garrison | Garrison Relay disabled 32653 | -2/Garrison | Triggered checkpoint 32654 | -2/Garrison | Core integrity fell below 20% 32694 | -2/Garrison | Expanded RIF knowledge: Autoassimilate 32720 | -2/Garrison | Entered Access 32720 | -1/Access | Evolved 2 slots: Utility x2 32970 | -1/Access | First assault squad dispatched 32985 | -1/Access | Found Enh. Force Lance 32988 | -1/Access | Found Enh. Force Lance 33029 | -1/Access | Build established: Botlord-Mutant 33049 | -1/Access | Identified exit to Garrison 33049 | -1/Access | Entered Garrison 33078 | -1/Garrison | Lost 3 parts (3n) 33206 | -1/Garrison | Triggered checkpoint 33336 | -1/Garrison | Phase Generator disabled 33387 | -1/Garrison | Garrison Relay disabled 33388 | -1/Garrison | Core integrity fell below 50% 33428 | -1/Garrison | Core integrity fell below 20% 33436 | -1/Garrison | Spotted B-99 Colossus 33437 | -1/Garrison | Triggered checkpoint 33442 | -1/Garrison | Destroyed by C-57 Dissector with Dual-blade Saw Last Messages --------------- 33426_ Xenon Bombardment Thruster destroyed. 33426_ Slug penetrates Wall. 33432_ Slug penetrates G-73 Enforcer. 33433_ Power Sword destroyed. 33436_ Penetrated by Slug. 33436_ Slug penetrates Wall. 33437_ Beams of light sweep through the air. An alarm sounds. 33437_ Xenon Bombardment Thruster destroyed. 33437_ System Shield destroyed. 33439_ Relay Coupler [Sentry] destroyed. 33439_ Slug penetrates Wall. 33439_ Penetrated by Slug. 33439_ Relay Coupler [NC] destroyed. 33439_ Slug penetrates Reinforced Barrier. 33440_ RIF automatically installing new Enforcer 10b system data, ETC: 6. 33440_ Slug penetrates Enforcer 10b. 33440_ Relay Coupler [NC] destroyed. 33440_ Slug penetrates G-73 Enforcer. 33442_ C-57 Dissector sneak attacks. 33442_ Enforcer 10b destroyed. Map ----- +----------------------------------------------------+ | ???# #### #??# #???????????????? | | ???# !##??# #??# ##???????????????? | | ???## #??# #??# ##????????????????? | | ????### ##??# #??## ## # "#????????????????? | | ??????# ##### #???## #????????????????? | | ??????# =* ########### ######????????????????? | | ????### #####[ #????????????????????? | | ????# #???# ^ #????????????????????? | | ????# #???#"# #### #####h #????????????????????? | | ????# ##### #"#### #???#s #????????????????????? | | ????# #???# #????????????????????? | | ????# ######"##### #???# #????????????????????? | | ????### #????###???# #???# #????????????????????? | | ??????# #??????????# #???# #????????????????????? | | ??????#[#??????????# #???# #?ggg????????????????? | | ??????#*###????????#g#??## ##""""## ##?????????? | | ??????#%#"#????????# #### #?????????? | | ??????# ="#????????# ????????? | | ??????#!!"#????????###### ????????? | | ??????#^! #?????????????# ## ## ##????????? | | ??????#!#"#???????????###* ## ## #?????????? | | ??????#####???????????#%c! "?????????? | | ??????????????????????#[g BB "?gg??????? | | ??????????????????????#= c BB "g????????? | | ??????????????????????# c "?????????? | | ??????????????????????###@ch## ## #?????????? | | ????????????????????????# #? #?? ??????????? | | ????????????????????????# ?c ?????????????? | | ????????????????????????# ???????????? | | ????????????????????????# ??????????? | | ????????????????????????## h##""""### ???????????? | | ?????????????????????????? #??gg????????????????? | | ?????????????????????????? #????????????????????? | | ?????????????????????????? #????????????????????? | | ?????????????????????????? #????????????????????? | | ?????????????????????????? #????????????????????? | | ?????????????????????????? #????????????????????? | | ?????????????????????????? #????????????????????? | | ??????????????????????????? #????????????????????? | | ??????????????????????????? #????????????????????? | | ??????????????????????????? ?????????????????????? | | ?????????????????????????????????????????????????? | | ?????????????????????????????????????????????????? | | ?????????????????????????????????????????????????? | | ?????????????????????????????????????????????????? | | ?????????????????????????????????????????????????? | | ?????????????????????????????????????????????????? | | ?????????????????????????????????????????????????? | | ?????????????????????????????????????????????????? | | ?????????????????????????????????????????????????? | +----------------------------------------------------+ Best States ------------- Heat Dissipation 142 Energy Generation 43 Energy Capacity 350 Matter Stores 300 Matter Capacity 300 Sight Range 20 Terrain Scan Density 10 Jamming Range 16 Power Amplification 90 Additional Mass Support 9 Armor Coverage 3200 Resistance: KI 30 Resistance: TH 30 Resistance: EM 90 Core Shielding 20 Weapon Shielding 66 Weapon Cycling 20 Phase Shifting 15 Evasion (%) 78 Targeting Accuracy 14 Target Analysis 8 Core Analysis 6 Armor Integrity Analysis 30 Recoil Reduction 2 Particle Charging 20 Offensive Hacking 34 Defensive Hacking 22 Relay Coupler Types 7 Relay Coupler Value 350 Trap Extractor Capacity 8 Item Schematics ----------------- Cargo Storage Unit | -9/Materials | Hacked Imp. Flight Unit | -9/Materials | Scanalyzed Exp. Sensor Array | -8/Materials | Scanalyzed Imp. Heavy Siege Treads | -5/Factory | Hacked Robot Schematics ------------------ None Fabricated ------------ Cargo Storage Unit | x1 | -7/Factory Alien Tech Used ----------------- None Achievements -------------- None Challenges ------------ None Game ------ Seed InsulatedGrenadeDerivative Manual? 0 Play Time 05:20:56 Cumulative 543.9 hours Start 2023.04.07 @ 23:09:47 End 2023.04.09 @ 00:18:19 Sessions 1 Manual Loads 0 Difficulty Rogue Special Mode None Game No. 564 Rogue 564 Adventurer 0 Explorer 0 Win Type - Total 1 Types 1/0/0/0/0/0/0/0/0 Lore% 65 Gallery% 83 Achievement% 66 Wizard Run 0 Options --------- ASCII 0 Keyboard 0 Movement Mouse Keybinds 0 Fullscreen 2 Font 24/Smallcaps Map View 76x50 Tactical HUD 1 Map Filters NONE Filters NONE Steam 1 RUN: e4ce04e6-7cea-4b16-98fe-729e9ae45974